 Dungeon Crawl Stone Soup version 0.19-a0-1079-g88a7474 (webtiles) character file.

1219 seren the Thaumaturge (level 8, -2/41 HPs)
             Began as a Spriggan Enchanter on Aug 6, 2016.
             Was a Follower of Ashenzari.
             Slain by an ogre
             ... wielding a +0 giant club
              (19 damage)
             ... on level 6 of the Dungeon.
             The game lasted 00:39:30 (8961 turns).

seren the Thaumaturge (Spriggan Enchanter)          Turns: 8961, Time: 00:39:30

Health: -2/41      AC:  5    Str:  5    XL:     8   Next: 23%
Magic:  18/21      EV: 20    Int: 17    God:    Ashenzari [*.....]
Gold:   273        SH:  0    Dex: 20    Spells: 5 memorised, 12 levels left

rFire  + . .     SeeInvis +     a - +1 dagger
rCold  . . .     Gourm    .     b - +2 robe (curse)
rNeg   . . .     Faith    .     (shield restricted)
rPois  +         Spirit   .     (helmet restricted)
rElec  .         Dismiss  .     (no cloak)
rCorr  .         Reflect  .     (gloves unavailable)
SustAt .         Harm     .     (boots unavailable)
MR     +....                    (no amulet)
Stlth  +++++.....               f - ring of poison resistance
                                e - +3 ring of dexterity

@: very quick
A: unfitting armour, rugged brown scales 1, see invisible, fire resistance 1,
herbivore 3, speed 3, robust 1, slow metabolism 2
a: Curse Item, Scrying, Renounce Religion


You were on level 6 of the Dungeon.
You worshipped Ashenzari.
Ashenzari was aware of your devotion.
You were not hungry.

You visited 2 branches of the dungeon, and saw 7 of its levels.

You collected 273 gold pieces.

Inventory:

Hand Weapons
 a - a +1 dagger (weapon)
 i - a +2 whip of freezing
Armour
 b - a cursed +2 robe (worn)
Jewellery
 e - a +3 ring of dexterity (left hand)
 f - a ring of poison resistance (right hand)
 t - an uncursed ring of sustain attributes
Wands
 u - a wand of polymorph (14/24)
Scrolls
 g - 3 scrolls of amnesia
 k - 3 scrolls of remove curse
 l - a scroll of blinking {unknown}
 m - 3 scrolls of identify
 n - 4 scrolls of enchant weapon {unknown}
 o - a scroll of random uselessness {unknown}
 p - a scroll of fear {unknown}
 q - 2 scrolls of teleportation {unknown}
 r - 2 scrolls of fog
 v - a scroll of immolation {unknown}
Potions
 h - a potion of flight
 j - a potion of berserk rage
 s - 2 potions of heal wounds
 x - a potion of curing {unknown}
Books
 c - a book of Maledictions

   Spells                             Type                      Level
   a - Corona                         Hexes                        1
   b - Ensorcelled Hibernation        Hexes/Ice                    2
   c - Confuse                        Hexes                        3
   d - Tukima's Dance                 Hexes                        3
   e - Dazzling Spray                 Conjuration/Hexes            3
Comestibles
 d - 4 bread rations
 w - 4 fruits


   Skills:
 * Level 1.3 Fighting
 - Level 4.5 Short Blades
 * Level 3.9 Dodging
 - Level 8.0 Stealth
 + Level 8.5 Spellcasting
 - Level 5.0 Hexes


You had 12 spell levels left.
You knew the following spells:

 Your Spells              Type           Power        Failure   Level  Hunger
a - Corona                Hex            ###....      1%          1    None
c - Confuse               Hex            ###.....     4%          3    #......
d - Tukima's Dance        Hex            ###.....     4%          3    #......
e - Ensorcelled Hibernat  Hex/Ice        ###...       6%          2    None
s - Dazzling Spray        Conj/Hex       ###...       12%         3    #......


Dungeon Overview and Level Annotations

Branches:
Dungeon (6/15)             Temple (1/1) D:4

Altars:
Ashenzari
Cheibriados
Dithmenos
Elyvilon
Fedhas
Gozag
Hepliaklqana
Kikubaaqudgha
Makhleb
Nemelex Xobeh
Okawaru
Pakellas
Qazlal
Ru
Sif Muna
Trog
Uskayaw
Vehumet
Xom
Yredelemnul
Zin
The Shining One

Shops:
D:5 :

Annotations:
D:2 Terence


Innate Abilities, Weirdness & Mutations

You are tiny and cannot use many weapons and most armour.
You have supernaturally acute eyesight. (SInv)
You are a herbivore.
You cover ground extremely quickly.
You need consume almost no food.
You are partially covered in rugged brown scales. (AC +1, +3% HP)
Your flesh is heat resistant. (rF+)
You are robust. (+10% HP)


Message History

Found a stone staircase leading up.
Search for what [Enter for "dagger", or ? for help]? robe You start resting.
Found an uncursed helmet.
You see here an uncursed helmet.
There is a stone staircase leading up here.
Casting: Confuse
Confirm with . or Enter, or press ? or * to list all spells.
Aiming: Confuse
Press: ? - help, Shift-Dir - straight line, f - ogre
Aim: an ogre, wielding a giant club (hasn't noticed you, chance to defeat MR: 53%)
The ogre appears confused.
The ogre hits you with a giant club!!
Ouch! That really hurt!
You hit the ogre.
The ogre is lightly wounded.
You hit the ogre but do no damage.
The ogre is lightly wounded.
The ogre hits you with a giant club!!
You die...

#####.#.#....#####.####
'.............)........
##......#..####.########
##..........##..).......
##..........##..#########
#..........##...<......#
#......#..###..######.##
##.....##.####.........##.###
.'.....'.....$..@.....[.....#
##.....##........O........#.#
##.....########.###########
##...............
........#######'##
##.....[#.........
##......#.#.......
##......#.+.......
#####'#.#%#.......


You could see an ogre (confused).

Vanquished Creatures
  An ice beast (D:6)
  A necrophage (D:5)
  A phantom (D:5)
  A giant frog (D:4)
  3 scorpions
  A howler monkey (D:4)
  A crimson imp (D:5)
  A centaur zombie (D:6)
  2 hounds
  2 orc priests
  6 orc wizards
  A giant frog skeleton (D:6)
  Jessica (D:3)
  2 iguanas (D:5)
  A worker ant (D:6)
  7 gnolls
  7 adders
  2 oozes (D:3)
  2 worms
  2 dart slugs
  A giant gecko (D:1)
  11 orcs
  A ball python (D:2)
  5 bats
  3 giant cockroaches
  9 goblins
  4 hobgoblins
  4 jackals (D:2)
  6 kobolds
  3 quokkas
  4 giant newts
  A quokka skeleton (D:4)
  22 rats
119 creatures vanquished.

Vanquished Creatures (others)
  A dancing weapon (D:6)
1 creature vanquished.

Grand Total: 120 creatures vanquished

Notes
Turn   | Place    | Note
-------+----------+-------------------------------------------
     0 | D:1      | seren the Spriggan Enchanter began the quest for the Orb.
     0 | D:1      | Reached XP level 1. HP: 9/9 MP: 5/5
   808 | D:1      | Reached XP level 2. HP: 13/13 MP: 6/6
   957 | D:1      | Reached skill level 5 in Stealth
  1425 | D:2      | Found a shadowy altar of Dithmenos.
  1734 | D:2      | Found a faded altar of an unknown god.
  1829 | D:2      | Reached XP level 3. HP: 16/16 MP: 8/8
  2714 | D:2      | Reached XP level 4. HP: 19/21 MP: 9/9
  2830 | D:3      | Noticed Terence
  2906 | D:3      | Gained mutation: You are partially covered in rugged brown scales. (AC +1, +3% HP) [potion of mutation]
  2906 | D:3      | Gained mutation: Your flesh is heat resistant. (rF+) [potion of mutation]
  2906 | D:3      | Gained mutation: You are robust. (+10% HP) [potion of mutation]
  3326 | D:3      | Noticed Jessica
  3331 | D:3      | Killed Jessica
  3486 | D:3      | Reached XP level 5. HP: 27/27 MP: 10/10
  4413 | D:4      | Learned a level 3 spell: Confuse
  4417 | D:4      | Learned a level 3 spell: Tukima's Dance
  4530 | D:4      | Found a staircase to the Ecumenical Temple.
  4534 | Temple   | Entered the Ecumenical Temple
  4605 | Temple   | Became a worshipper of Ashenzari the Shackled
  5865 | D:4      | Reached XP level 6. HP: 31/31 MP: 11/11
  6770 | D:3      | Found a shimmering altar of Xom.
  6803 | D:5      | Entered Level 5 of the Dungeon
  6906 | D:5      | Found Ifecs's Book Boutique.
  7390 | D:5      | Reached skill level 5 in Spellcasting
  7417 | D:5      | Reached XP level 7. HP: 29/36 MP: 11/15
  7948 | D:5      | Found a sparkling altar of Nemelex Xobeh.
  8337 | D:6      | Found a hide-covered altar of Uskayaw.
  8351 | D:6      | Reached XP level 8. HP: 40/40 MP: 21/21
  8384 | D:6      | Reached * piety under Ashenzari
  8467 | D:6      | Reached skill level 5 in Hexes
  8474 | D:6      | Learned a level 2 spell: Ensorcelled Hibernation
  8478 | D:6      | Learned a level 3 spell: Dazzling Spray
  8764 | D:6      | Reached skill level 1 in Fighting
  8961 | D:6      | Slain by an ogre

Vault maps used:
D:1:      dpeg_arrival_water_fire, minmay_cupped
D:2:      ecumenical_altar_1, nicolae_dithmenos_shadow_blocks
D:3:      lemuel_upstairs_altar, first_bread, uniq_jessica, uniq_terence
D:4:      minmay_rat_hole
D:5:      serial_shops, shop, nemelex_diamond_rough_becter
D:6:      lemuel_doored_altar, roderic_batcave, tgw_kikubaaqudgha
Temple:   dpeg_three_leaves_temple

Skill      XL: |  1  2  3  4  5  6  7  8 |
---------------+-------------------------+-----
Stealth        | 5 6 7 8 |  8.0
Short Blades   | 2 3 4 |  4.5
Hexes          | 4 5 |  5.0
Spellcasting   | 5 8 |  8.5
Fighting       | 1 |  1.3
Dodging        | |  3.9

Action                   |  1- 3 |  4- 6 |  7- 9 || total
-------------------------+-------+-------+-------++-------
Melee: Dagger            |   215 |   270 |   202 ||   687
 Cast: Corona            |     1 |       |       ||     1
       Confuse           |       |     8 |    23 ||    31
       Tukima's Dance    |       |       |     1 ||     1
Invok: Curse Item        |       |       |     1 ||     1
  Use: Scroll            |     1 |     5 |     1 ||     7
       Potion            |       |     7 |       ||     7
 Stab: Sleeping          |     7 |    16 |     5 ||    28
       Distracted        |       |     1 |     1 ||     2
       Confused          |       |     6 |    13 ||    19
  Eat: Fruit             |       |     2 |       ||     2
       Bread ration      |       |     1 |       ||     1
Armor: Robe              |    33 |    18 |    14 ||    65
Dodge: Dodged            |   183 |   122 |   104 ||   409
